 Dungeon Crawl Stone Soup version 0.23-a0-650-ga4d50d4 (webtiles) character file.

59 Borgoz the Cutter (level 4, -7/29 HPs)
             Began as a Kobold Berserker on Jan 2, 2019.
             Was a Believer of Trog.
             Mangled by a worm (10 damage)
             ... on level 2 of the Dungeon.
             The game lasted 00:06:53 (1430 turns).

Borgoz the Cutter (Kobold Berserker)                Turns: 1430, Time: 00:06:54

Health: -7/29      AC:  2    Str: 14    XL:     4   Next: 22%
Magic:  0/4        EV: 16    Int:  8    God:    Trog [**....]
Gold:   78         SH:  0    Dex: 15    Spells: 3/3 levels left

rFire    . . .     SeeInvis .   a - +0 short sword
rCold    . . .     Gourm    .   (shield restricted)
rNeg     . . .     Faith    .   b - +0 animal skin
rPois    .         Spirit   +   (no helmet)
rElec    .         Reflect  .   j - scarf {Spirit}
rCorr    .         Harm     .   (no gloves)
MR       .....                  (no boots)
Stlth    +.........             (no amulet)
HPRegen  0.09/turn              (no ring)
MPRegen  0.09/turn              (no ring)

@: no status effects
A: small, carnivore
a: Berserk, Trog's Hand, Renounce Religion


You were on level 2 of the Dungeon.
You worshipped Trog.
Trog was pleased with you.
You were completely stuffed.

You visited 1 branch of the dungeon, and saw 2 of its levels.

You collected 78 gold pieces.

Inventory:

Hand Weapons
 a - a +0 short sword (weapon)
Armour
 b - a +0 animal skin (worn)
 j - a scarf of spirit shield (worn)
Scrolls
 d - a scroll of fog {unknown}
 e - a scroll of random uselessness {unknown}
 f - a scroll of immolation {unknown}
 g - 4 scrolls of teleportation {unknown}
 i - a scroll of identify {unknown}
Comestibles
 c - 5 rations


   Skills:
 + Level 4.0 Fighting
 + Level 5.0 Short Blades
 + Level 1.7 Armour
 + Level 3.3 Dodging


You had 3 spell levels left.
You didn't know any spells.
Your spell library was empty.

Dungeon Overview and Level Annotations

Branches:
Dungeon (2/15)

Altars:


Innate Abilities, Weirdness & Mutations

You are small and have problems with some larger weapons.
You are carnivorous and can eat meat at any time.


Message History

You are too injured to fight recklessly!
You are too injured to fight recklessly!
You are too injured to fight recklessly!
You are too injured to fight recklessly!
You barely miss the worm. The worm closely misses you.
You hit the worm.
The worm is lightly wounded.
You barely miss the worm.
The worm is lightly wounded.
The worm bites you.
You hit the worm.
The worm is moderately wounded.
You hit the worm.
The worm is severely wounded.
The worm bites you!
* * * LOW HITPOINT WARNING * * *
You hit the worm but do no damage.
The worm is moderately wounded.
The worm bites you!
You die...

...# #.# #
##.#
#######.##
#.#
......†.>#
#.#
#######..#
##.# #.#
#.......#
..<# #.#
#w#####.#
...# #.# #.#
#.## .#.# #.#
#.####...# ##
.#.# #.#
#.w@.....#
###. .#.# #.#
#..###.......
..#
.#.#######.#
#..####.#####
##.
.#.).......#
#..........
#..
.#########.#
##.####.###
#.. .#
#.####.###...
#..
#...).......#
#..#
#.########..#
## # #.. # #.


You could see a worm.

Vanquished Creatures
  An adder (D:2)
  A worm (D:2)
  2 dart slugs (D:1)
  2 leopard geckos (D:1)
  2 ball pythons
  4 giant cockroaches
  10 goblins
  4 hobgoblins
  3 jackals (D:1)
  3 bats
  3 frilled lizards
  2 kobolds
  A rat (D:1)
38 creatures vanquished.

Notes
Turn   | Place    | Note
-------+----------+-------------------------------------------
     0 | D:1      | Borgoz the Kobold Berserker began the quest for the Orb.
     0 | D:1      | Reached XP level 1. HP: 14/14 MP: 1/1
    71 | D:1      | Reached XP level 2. HP: 14/19 MP: 2/2
   149 | D:1      | HP: 1/20 [bat (1)]
   610 | D:1      | Reached XP level 3. HP: 24/24 MP: 3/3
   639 | D:1      | Reached ** piety under Trog
  1091 | D:2      | Reached XP level 4. HP: 29/29 MP: 4/4
  1097 | D:2      | Reached skill level 5 in Short Blades
  1430 | D:2      | Mangled by a worm

Vault maps used:
D:1:      dpeg_arrival_rhombi, minmay_pentomino_r4

Skill      XL: |  1  2  3  4 |
---------------+-------------+-----
Dodging        | 3 |  3.3
Short Blades   | 5 |  5.0
Fighting       | 4 |  4.0
Armour         | |  1.7

Action                   |  1- 3 |  4- 6 || total
-------------------------+-------+-------++-------
Melee: Short sword       |   127 |    80 ||   207
  Eat: Chunk             |     9 |     1 ||    10
Armor: Animal skin       |    15 |    12 ||    27
Dodge: Dodged            |   106 |    59 ||   165

Table legend:
 A = Non-vault XP
 B = Vault XP
 C = Vault XP percentage of total XP
 D = Non-vault monster count
 E = Vault monster count
 F = Vault count percentage of total count
                 A         B        C        D         E       F
            +---------+---------+-------+---------+---------+-------
      Total |      79 |       6 |   7.1 |      35 |       3 |   7.9
            +---------+---------+-------+---------+---------+-------
        D:1 |      45 |       6 |  11.8 |      22 |       3 |  12.0
        D:2 |      34 |       0 |   0.0 |      13 |       0 |   0.0
            +---------+---------+-------+---------+---------+-------
